 Dungeon Crawl Stone Soup version 0.27.1 (webtiles) character file.

Game seed: 11426038919888822910

72 Descartes the Covert (level 4, 0/21 HPs)
             Began as a Felid Delver on Sept 2, 2021.
             Killed by divine providence
             ... invoked by an orc priest
              (10 damage)
             ... on level 2 of the Dungeon.
             The game lasted 00:04:12 (2114 turns).

Descartes the Covert (Felid Delver)                 Turns: 2114, Time: 00:04:13

Health: 0/21       AC:  1    Str:  9    XL:     4   Next: 7%
Magic:  0/5        EV: 18    Int: 11    God:
Gold:   84         SH:  0    Dex: 17    Spells: 3/3 levels left
                                        Lives:  0   Deaths: 1

rFire    . . .     SeeInvis +     - Unarmed
rCold    . . .     Faith    .   (shield unavailable)
rNeg     . . .     Spirit   +   (armour unavailable)
rPois    .         Reflect  .   (helmet unavailable)
rElec    .         Harm     .   (cloak unavailable)
rCorr    .         Rampage  .   (gloves unavailable)
Will     .....                  (boots unavailable)
Stlth    ++++......             i - amulet of guardian spirit
HPRegen  0.07/turn              (no ring)
MPRegen  0.09/turn              (no ring)

@: quick
A: very small, claws 1, fangs 3, see invisible, speed 1, shaggy fur 1, stealthy
paws, no weapons or thrown items, no armour, multi-lived
a: no special abilities


You were on level 2 of the Dungeon.
You visited 1 branch of the dungeon, and saw 5 of its levels.

You collected 84 gold pieces.

Inventory:

Missiles
 h - 44 stones
Jewellery
 i - an amulet of guardian spirit (around neck)
Wands
 e - a wand of digging (3)
Scrolls
 a - a scroll of fog
 b - 2 scrolls of magic mapping
 c - a scroll of fear
 f - 5 scrolls of identify {unknown}
 g - a scroll of immolation {unknown}
 k - a scroll of amnesia {unknown}
 l - a scroll of teleportation {unknown}
 m - a scroll of enchant weapon {unknown}
 o - 2 scrolls of blinking {unknown}
Potions
 d - a potion of haste
 j - 2 potions of curing {unknown}
 n - a potion of cancellation {unknown}


   Skills:
 - Level 3.0 Fighting
 + Level 4.1 Dodging
 * Level 8.2 Stealth
 + Level 3.1 Unarmed Combat


You had 3 spell levels left.
You didn't know any spells.
Your spell library was empty.

Dungeon Overview and Level Annotations

Branches:
Dungeon (5/15)
 Temple: D:4-7

Altars:
Makhleb

Shops:
D:1 *


Innate Abilities, Weirdness & Mutations

You have sharp claws.
You have razor-sharp teeth.
You have supernaturally acute eyesight. (SInv)
You cover ground quickly. (Speed+)
You are covered in fur. (AC +1)
Your paws help you pounce on unaware monsters.
You are incapable of wielding weapons or throwing items.
You cannot wear armour.
You gain extra lives every three experience levels.


Message History

You are too injured to fight recklessly!
You are too injured to fight recklessly!
You are too injured to fight recklessly!
You are too injured to fight recklessly!
You are too injured to fight recklessly!
You are too injured to fight recklessly!
You are too injured to fight recklessly!
You are too injured to fight recklessly!
You are too injured to fight recklessly!
You are too injured to fight recklessly!
You are too injured to fight recklessly!
You are too injured to fight recklessly!
You are too injured to fight recklessly!
You are too injured to fight recklessly!
You are too injured to fight recklessly!
You are too injured to fight recklessly!
The bat barely misses you. The adder barely misses you.
You barely miss the adder. You bite the adder, but do no damage.
The adder is heavily wounded.
The bat misses you. The adder barely misses you.
The bat hits you but does no damage.
You scratch the adder.
The adder is almost dead.
The orc priest looks satisfied for a moment.
The adder barely misses you.
You miss the adder. Your bite misses the adder.
The adder is almost dead.
The adder closely misses you.
You miss the adder.
The adder is almost dead.
The adder barely misses you.
You closely miss the adder. You bite the adder.
You kill the adder!
The bat completely misses you.
Welcome back to level 4!
The rat bites you.
You see here an adder corpse.
The orc priest mumbles some strange prayers to Beogh against you.
Beogh smites you!
You die...

..#.....#...o..o..
#.#.....#.#######.
#.#.....#.# #.
#.#...#.#.# #.
#....##.#.# ##
#b...##.#)########
#ro..##.o......(..
#†#+#####.########
#@# ..#.# # #.#
#.#.# ...
##.#####.#'#.....
..................
..................
.........[........
..................
.........####.#+##.
##.##+### .#


You could see an orc priest, a bat and a rat.

Vanquished Creatures
  A scorpion (D:5)
  A hound zombie (D:4)
  2 adders
  2 worms
  A dart slug (D:1)
  An orc (D:2)
  2 endoplasms
  2 giant cockroaches (D:2)
  4 goblins
  6 hobgoblins
  A jackal (D:1)
  4 kobolds (D:1)
  A quokka (D:1)
  5 ball pythons
  3 bats
  4 frilled lizards (D:1)
  A rat (D:1)
41 creatures vanquished.

Notes
Turn   | Place    | Note
-------+----------+-------------------------------------------
     0 | D:5      | Descartes the Felid Delver began the quest for the Orb.
     0 | D:5      | Reached XP level 1. HP: 10/10 MP: 2/2
    14 | D:5      | Noticed a scorpion
    19 | D:5      | Killed a scorpion
    20 | D:5      | Reached skill level 7 in Stealth
    20 | D:5      | Reached XP level 2. HP: 14/14 MP: 3/3
    20 | D:5      | Reached XP level 3. HP: 17/17 MP: 4/4
   128 | D:4      | Reached XP level 4. HP: 19/21 MP: 5/5
   161 | D:4      | Found a burning altar of Makhleb.
   997 | D:1      | Reached skill level 8 in Stealth
  1151 | D:1      | Found Qoommounac's General Store.
  1341 | D:1      | Found a faded altar of an unknown god.
  2076 | D:2      | Killed from afar by an orc priest
  2077 | D:2      | Reached XP level 3. HP: -4/17 MP: 0/4
  2113 | D:2      | Reached XP level 4. HP: 10/21 MP: 2/5
  2114 | D:2      | Killed from afar by an orc priest

Illustrated notes

Levels and vault maps discovered:
D:1:      giann_forest_graveyard, layout_basic,
          shapermc_ecumenical_altar_hornbeckon, serial_shops,
          nicolae_diamond_shop, st_stairs_10, fountainhead
D:2:      layout_basic
D:3:      layout_basic, mainiacjoe_overflow_small_starburst
D:4:      layout_gridville, mainiacjoe_overflow_boulevard,
          mainiacjoe_overflow_big_doors, uniq_natasha
D:5:      layout_loops_ring, minmay_misc_feat_room, serial_bayou_lagoon_a,
          minivault_24, minmay_pentangle

Skill      XL: |  1  2  3  4 |
---------------+-------------+-----
Dodging        | 3 4 |  4.1
Stealth        | 7 8 |  8.2
Unarmed Combat | 3 |  3.1
Fighting       | |  3.0

Action                   |  1- 3 |  4- 6 || total
-------------------------+-------+-------++-------
Melee: Unarmed           |    14 |   115 ||   129
       Bite              |     2 |    11 ||    13
       Punch             |       |     5 ||     5
 Stab: Sleeping          |     2 |    19 ||    21
       Distracted        |       |     1 ||     1
Armor: Skin              |     1 |    12 ||    13
Dodge: Dodged            |    22 |   105 ||   127
